 Dungeon Crawl Stone Soup version 0.18.1-48-g4cf74bf (webtiles) character file.

295 Miyamura the Insei (level 6, -7/41 HPs)
             Began as an Octopode Transmuter on Sept 10, 2016.
             Was an Initiate of Gozag.
             Mangled by a wight
             ... wielding a +3 morningstar of venom
              (16 damage)
             ... on level 7 of the Dungeon.
             The game lasted 00:16:21 (3970 turns).

Miyamura the Insei (Octopode Transmuter)            Turns: 3970, Time: 00:16:22

Health: -7/41      AC:  1    Str:  9    XL:     6   Next: 34%
Magic:  8/10       EV: 15    Int: 18    God:    Gozag
Gold:   161        SH:  0    Dex: 12    Spells: 4 memorised, 0 levels left

rFire  . . .     SeeInvis .     m - +2 dagger (venom)
rCold  . . .     Gourm    .     (no shield)
rNeg   . . .     Faith    .     (helmet restricted)
rPois  .         Spirit   .     (no amulet)
rElec  .         Dismiss  .     v - +2 ring of evasion
rCorr  .         Reflect  .     (no ring)
SustAt .         Harm     .     (no ring)
MR     .....                    (no ring)
Stlth  +++.......               (no ring)
                                (no ring)
                                (no ring)
                                (no ring)

@: very slightly contaminated, not resistant to hostile enchantments, fairly
stealthy
A: almost no armour, amphibious, 8 rings, constrict 8, camouflage 1, gelatinous
body 1
a: Potion Petition, Call Merchant, Bribe Branch, Renounce Religion


You were on level 7 of the Dungeon.
You worshipped Gozag.
Gozag was noncommittal.
You were hungry.

You visited 1 branch of the dungeon, and saw 5 of its levels.

You collected 191 gold pieces.
You paid 30 gold pieces to Gozag.

Inventory:

Hand Weapons
 e - a +1 short sword of venom
 i - a +0 spear
 m - a +2 dagger of venom (weapon)
Missiles
 a - 30 arrows (quivered)
 q - 20 poisoned needles
Jewellery
 v - a +2 ring of evasion (left tentacle)
Scrolls
 r - 2 scrolls of fear
Potions
 d - a potion of flight {unknown}
 g - a potion of might {unknown}
 h - a potion of curing
 j - a potion of mutation {unknown}
 k - 4 potions of resistance
 p - a potion of cure mutation
 s - a potion of cancellation {unknown}
Books
 b - a book of Changes

   Spells                             Type                      Level
   a - Beastly Appendage              Transmutation                1
   b - Sticks to Snakes               Transmutation                2
   c - Spider Form                    Transmutation/Poison         3
   d - Ice Form                       Ice/Transmutation            4
   e - Blade Hands                    Transmutation                5
Comestibles
 c - a bread ration
 f - a meat ration
 t - 4 fruits


   Skills:
 + Level 2.5 Fighting
 + Level 3.1 Dodging
 + Level 3.1 Stealth
 + Level 3.7 Unarmed Combat
 + Level 3.1 Spellcasting
 + Level 2.7 Transmutations
 + Level 1.9 Poison Magic


You couldn't memorise any spells.
You knew the following spells:

 Your Spells              Type           Power        Failure   Level  Hunger
a - Beastly Appendage     Trmt           ##....       6%          1    None
b - Spider Form           Trmt/Pois      ##........   21%         3    ###....
h - Blade Hands           Trmt           ##........   97%         5    ######.
s - Sticks to Snakes      Trmt           ##......     10%         2    ##.....


Dungeon Overview and Level Annotations

Branches:
Dungeon (7/15)             Temple (0/1) D:7

Altars:
Ashenzari
Cheibriados
Dithmenos
Elyvilon
Gozag
Okawaru
Yredelemnul

Annotations:
D:6 Edmund, Sigmund


Innate Abilities, Weirdness & Mutations

You cannot wear most types of armour.
You are amphibious.
You can wear up to eight rings at the same time.
You can use your tentacles to constrict eight enemies at once.
Your skin changes colour to match your surroundings (Stealth).
Your rubbery body absorbs attacks (AC +1).


Message History

It was a scroll of torment.
The giant frog zombie misses you. The giant frog zombie hits you.
The giant frog zombie hits you but does no damage.
You climb downwards.
There is a stone staircase leading up here.
Casting: Sticks to Snakes
Confirm with . or Enter, or press ? or * to list all spells.
You miscast Sticks to Snakes.
You are very lightly contaminated with residual magic.
You feel a strange surge of energy!
The wight hits you with a morningstar of venom!
* * * LOW HITPOINT WARNING * * *
You are lethally poisoned!
Read which item? (? for menu, Esc to quit)
Okay, then.
Drink which item? (? for menu, Esc to quit)
You feel better.
The wight hits you with a morningstar of venom!
You die...
Your body crumbles into a pile of gold.

#####
###...####
##........#
##.........#
#..........#
#.......@..#
#.......z<.##
##...........#
#............#
#............#
#............#
##...........#
###.........#
##........#


You could see a wight.

Vanquished Creatures
  An ogre (D:6)
  A giant frog (D:7)
  3 adders
  An ooze (D:1)
  3 worms (D:2)
  2 dart slugs (D:2)
  2 giant geckos
  4 orcs
  5 bats
  6 giant cockroaches (D:1)
  4 hobgoblins (D:1)
  A jackal (D:1)
  5 kobolds
  A quokka (D:7)
  4 giant newts
  8 goblins
  5 rats
56 creatures vanquished.

Vanquished Creatures (collateral kills)
  An iguana (D:7)
  A gnoll (D:2)
  An adder (D:2)
  3 orcs (D:6)
  A goblin (D:1)
  A hobgoblin (D:2)
  2 jackals (D:1)
  2 kobolds (D:2)
12 creatures vanquished.

Grand Total: 68 creatures vanquished

Notes
Turn   | Place    | Note
--------------------------------------------------------------
     0 | D:1      | Miyamura the Octopode Transmuter began the quest for the Orb.
     0 | D:1      | Reached XP level 1. HP: 13/13 MP: 3/3
   149 | D:1      | Reached XP level 2. HP: 18/18 MP: 1/5
   167 | D:1      | Learned a level 2 spell: Sticks to Snakes
   453 | D:1      | You fall through a shaft!
   869 | D:1      | Reached XP level 3. HP: 19/23 MP: 1/6
   873 | D:1      | Reached skill level 1 in Stealth
  1470 | D:2      | Learned a level 3 spell: Spider Form
  1586 | D:2      | Found an iron altar of Okawaru.
  1635 | D:2      | Reached XP level 4. HP: 15/29 MP: 1/8
  1972 | D:2      | Found a white marble altar of Elyvilon.
  2036 | D:2      | Reached skill level 1 in Poison Magic
  2459 | D:3      | Found a snail-covered altar of Cheibriados.
  2483 | D:3      | Found an opulent altar of Gozag.
  2555 | D:3      | Became a worshipper of Gozag Ym Sagoz the Greedy
  2778 | D:3      | You fall through a shaft for 3 floors!
  2778 | D:6      | Found a shadowy altar of Dithmenos.
  2905 | D:6      | Found a shattered altar of Ashenzari.
  2937 | D:6      | Noticed an ogre
  2974 | D:6      | Killed an ogre
  2974 | D:6      | Reached XP level 5. HP: 25/34 MP: 3/9
  3073 | D:6      | Found a basalt altar of Yredelemnul.
  3156 | D:6      | Noticed an orc warrior
  3157 | D:6      | Noticed Sigmund
  3158 | D:6      | Noticed Edmund
  3426 | D:7      | Noticed an orc warrior
  3469 | D:7      | Found a staircase to the Ecumenical Temple.
  3487 | D:7      | Reached XP level 6. HP: 28/41 MP: 10/10
  3582 | D:7      | Learned a level 5 spell: Blade Hands
  3628 | D:7      | Noticed a hungry ghost
  3970 | D:7      | Mangled by a wight

Skill      XL: |  1  2  3  4  5 |
---------------+----------------+-----
Stealth        | 1 2 3 |  3.1
Poison Magic   | 1 |  1.9
Fighting       | 2 |  2.5
Spellcasting   | 3 |  3.1
Dodging        | 3 |  3.1
Unarmed Combat | |  3.7
Transmutations | |  2.7

Action                   |  1- 3 |  4- 6 || total
-------------------------+-------+-------++-------
Melee: Unarmed           |    38 |       ||    38
       Constrict         |    18 |     9 ||    27
       Kick              |     6 |     6 ||    12
       Punch             |     2 |     1 ||     3
       Dagger            |    33 |    46 ||    79
       Tentacles         |     8 |    10 ||    18
 Cast: Beastly Appendage |    13 |     3 ||    16
       Sticks to Snakes  |    12 |    11 ||    23
  Use: Scroll            |       |    12 ||    12
       Potion            |       |     1 ||     1
 Stab: Sleeping          |     7 |     6 ||    13
  Eat: Chunk             |     3 |     3 ||     6
       Pizza             |       |     1 ||     1
       Beef jerky        |       |     2 ||     2
Armor: Skin              |     6 |     2 ||     8
Dodge: Dodged            |    46 |    23 ||    69
